Map: 트라이튼 - 래더

Players

PartinG - Winner!

  • Race: Protoss Protoss
  • Spawn Location: 5:00

Has

  • Race: Protoss Protoss
  • Spawn Location: 11:00

Event: IEM Katowice 2020

VOD

Have the link to the VOD?

Description

Time

  • Played on: Feb. 27, 2020, 6:51 a.m.
  • Length: 6:18

All games in this series

Show
View Real Time Build Order
Export as new Build Order

PartinG Protoss - Winner!

Build Orders:  

Get SALT Encoding   

  12  0:00  Probe  
  13  0:12  Probe  
  14  0:17  Pylon  
  14  0:24  Probe (Chrono Boost)  
  15  0:36  Gateway  
  15  0:37  Probe (Chrono Boost)  
  16  0:44  Probe (Chrono Boost)  
  16  0:46  Assimilator  
  17  0:51  Probe  
  17  0:54  Assimilator  
  18  1:03  Probe (Chrono Boost)  
  19  1:07  Gateway  
  19  1:12  Probe (Chrono Boost)  
  19  1:17  Probe (Chrono Boost)  
  20  1:23  Zealot  
  22  1:35  Forge  
  22  1:46  Pylon  
  22  1:51  Cybernetics Core  
  22  1:55  Probe  
  22  2:00  Pylon  
  23  2:14  Gateway  
  23  2:18  Probe  
  24  2:25  Warp Gate (Chrono Boost), Stalker (Chrono Boost)  
  24  2:29  Shield Battery  
  26  2:37  Probe  
  27  2:47  Stalker  
  27  2:49  Probe  
  30  2:59  Robotics Facility  
  30  3:08  Pylon  
  30  3:15  Probe  
  31  3:29  Gateway  
  31  3:31  Stalker  
  33  3:39  Pylon  
  33  3:57  Warp Prism (Chrono Boost)  
  33  3:58  Pylon  
  33  4:02  Shield Battery  
  35  4:09  Stalker x2  
  38  4:24  Stalker  
  38  4:29  Pylon  
  40  4:33  Stalker  
  40  4:34  Stalker  
  44  4:39  Observer  
  44  4:45  Pylon  
  45  4:58  Stalker  
  45  4:59  Stalker  
  38  5:17  Zealot  
  36  5:22  Stalker  
  36  5:27  Stalker  
  38  5:33  Probe  
  33  5:38  Stalker  
  35  5:52  Probe  
  35  6:03  Stalker x2  
Show
View Real Time Build Order
Export as new Build Order

Has Protoss 

Build Orders:  

Get SALT Encoding   

  12  0:00  Probe  
  13  0:13  Probe  
  14  0:25  Probe  
  15  0:35  Pylon  
  15  0:54  Gateway  
  15  0:57  Gateway  
  15  0:58  Forge  
  15  1:18  Probe  
  16  1:28  Pylon x2  
  16  1:33  Probe (Chrono Boost)  
  16  1:39  Zealot (Chrono Boost)  
  17  1:45  Probe (Chrono Boost), Assimilator  
  20  1:50  Probe (Chrono Boost)  
  20  1:52  Assimilator  
  21  1:57  Pylon  
  21  1:59  Probe (Chrono Boost)  
  22  2:11  Probe (Chrono Boost)  
  23  2:17  Probe (Chrono Boost)  
  23  2:21  Gateway, Cybernetics Core  
  24  2:25  Probe  
  25  2:38  Probe  
  26  2:50  Probe  
  26  2:58  Warp Gate  
  26  3:02  Probe, Pylon  
  26  3:05  Pylon  
  27  3:06  Adept (Chrono Boost)  
  29  3:23  Stargate  
  29  3:24  Shield Battery  
  29  3:28  Stalker  
  29  3:33  Shield Battery  
  32  3:39  Robotics Facility  
  29  3:41  Photon Cannon  
  29  3:51  Photon Cannon  
  29  4:01  Sentry  
  32  4:11  Oracle (Chrono Boost)  
  35  4:18  Gateway  
  35  4:20  Photon Cannon  
  34  4:30  Pylon  
  32  4:39  Immortal  
  37  4:51  Probe  
  37  4:52  Stalker  
  39  5:03  Probe  
  37  5:25  Adept  
  37  5:35  Probe  
  32  5:38  Immortal (Chrono Boost)  
  32  5:42  Pylon  
  32  5:47  Probe  
  29  6:06  Adept  

Tags
 
Add a new tag
Caveats
  • Supply blocks, unpowered buildings, or Contaminate may cause inaccurate times.
  • Supply counts are checked every 10 seconds.